 Dungeon Crawl Stone Soup version 0.30-a0-263-ge22c4ad894 (webtiles) character file.

Game seed: 4337468322769310061

8478 Hubris850 the Frost Mage (level 11, -15/74 HPs)
             Began as a Pale Draconian Ice Elementalist on Oct 13, 2022.
             Was a Priest of Sif Muna.
             Demolished by a komodo dragon (22 damage)
             ... on level 1 of the Lair of Beasts.
             The game lasted 00:40:06 (10071 turns).

Hubris850 the Frost Mage (DrIE)                    Turns: 10071, Time: 00:40:06

Health: -15/74     AC: 12    Str: 11    XL:     11   Next: 10%
Magic:  14/24      EV: 16    Int: 19    God:    Sif Muna [***...]
Gold:   747        SH:  0    Dex: 12    Spells: 15/29 levels left

rFire   . . .      SeeInvis .    a - +1 spear (venom)
rCold   . . .      Faith    .    (no shield)
rNeg    . . .      Spirit   .    (body armour unavailable)
rPois   .          Reflect  .    (helmet restricted)
rElec   .          Harm     .    H - +0 cloak
rCorr   .          Rampage  .    N - +2 pair of gloves
Will    .....                    s - +0 pair of boots
Stlth   ++........               (no amulet)
HPRegen 0.32/turn                m - +4 ring of slaying
MPRegen 0.19/turn                p - +4 ring of evasion

@: no status effects
A: breathe steam, AC +7, unfitting armour, cold-blooded, steam resistance
a: Breathe Steam, Renounce Religion, Channel Magic, Forget Spell


You were on level 1 of the Lair of Beasts.
You worshipped Sif Muna.
Sif Muna was most pleased with you.
You visited 2 branches of the dungeon, and saw 12 of its levels.
You also visited: Ossuary.

You collected 747 gold pieces.

Inventory:

Hand Weapons
 a - a +1 spear of venom (weapon)
 o - the +6 sling of Poamaf {freeze, Contam rF+++ Int+3 Dex+2}
   (You found it on level 2 of the Dungeon)

   Any ammunition fired from it freezes those it strikes, dealing additional
   cold damage.
   It can also slow down cold-blooded creatures.
   Int:       It affects your intelligence (+3).
   Dex:       It affects your dexterity (+2).
   rF:        It renders you almost immune to fire.
   Contam:    It causes magical contamination when unequipped.
 E - a +2 dagger of venom
 O - a +5 vorpal falchion
 R - the +7 halberd of Ruinosont {venom, Will+ Int-2 Dex+3}
   (You found it on level 8 of the Dungeon)

   It poisons the flesh of those it strikes.
   Int:       It affects your intelligence (-2).
   Dex:       It affects your dexterity (+3).
   Will:      It increases your willpower.
Missiles
 T - a curare-tipped dart
Armour
 n - a scarf of shadows
 s - a +0 pair of boots (worn)
 y - a +0 buckler
 H - a +0 cloak (worn)
 N - a +2 pair of gloves (worn)
Magical Staves
 k - a staff of fire
 l - a staff of air
 K - a staff of cold
Jewellery
 m - a +4 ring of slaying (left hand)
 p - a +4 ring of evasion (right hand)
 Y - a +4 ring of slaying
Wands
 b - a wand of mindburst (5)
 w - a wand of polymorph (13)
 x - a wand of iceblast (32)
 I - a wand of quicksilver (6)
 U - a wand of flame (33)
Scrolls
 e - 5 scrolls of blinking
 h - a scroll of poison
 i - 3 scrolls of fear
 q - 4 scrolls of teleportation
 t - 2 scrolls of brand weapon
 v - 2 scrolls of immolation
 C - a scroll of silence
 F - a scroll of vulnerability
 G - 2 scrolls of amnesia
 J - 4 scrolls of butterflies
 M - 2 scrolls of magic mapping
 P - a scroll of summoning
 Q - 2 scrolls of enchant weapon
 W - 2 scrolls of enchant armour
Potions
 c - a potion of magic
 d - 3 potions of might
 g - 4 potions of heal wounds
 j - 3 potions of flight
 r - 6 potions of curing
 u - 2 potions of attraction
 z - a potion of cancellation
 A - 2 potions of brilliance
 B - a potion of resistance
 D - a potion of mutation
 L - 2 potions of lignification
 X - a potion of haste
Miscellaneous
 Z - a lightning rod (4/4)


   Skills:
 - Level 1.8 Dodging
 - Level 1.8 Stealth
 - Level 9.6 Spellcasting
 - Level 9.3 Summonings
 - Level 10.9 Ice Magic
 + Level 1.8 Invocations
 + Level 1.8 Evocations


You had 15 spell levels left.
You knew the following spells:

 Your Spells              Type           Power      Damage    Failure   Level
a - Freeze                Ice            100%       1d10      1%          1
b - Frozen Ramparts       Ice            100%       1d16      1%          3
c - Ozocubu's Armour      Ice            50%        N/A       1%          3
d - Summon Ice Beast      Ice/Summ       47%        N/A       1%          4
e - Call Canine Familiar  Summ           44%        N/A       1%          3

Your spell library contained the following spells:

 Spells                   Type           Power      Damage    Failure   Level
 Summon Small Mammal      Summ           100%       N/A       1%          1
 Summon Guardian Golem    Hex/Summ       26%        N/A       3%          3


Dungeon Overview and Level Annotations

Branches:
Dungeon (11/15)            Temple (0/1) D:4            Lair (1/5) D:10
    Orc (0/2) D:9         Ossuary (visited)

Altars:
Cheibriados
Dithmenos
Gozag
Hepliaklqana
Kikubaaqudgha
Okawaru
Sif Muna
Trog
Uskayaw
Vehumet
Xom
Zin

Shops:
D:7 [   D:11 =

Annotations:
D:11 Erolcha


Innate Abilities, Weirdness & Mutations

You can breathe blasts of scalding, opaque steam.
Your pale cyan-grey scales are hard. (AC +7)
You cannot fit into any form of body armour.
You are cold-blooded and may be slowed by cold attacks.
You are immune to the effects of steam.


Message History

A komodo dragon comes into view.
Found a stone staircase leading down.
The komodo dragon hisses angrily.
Casting: Call Canine Familiar (safe; 1% risk of failure)
Confirm with . or Enter, or press ? or * to list all spells.
A chill wind blows around you.
Casting: Summon Ice Beast (dangerous; 1% risk of failure)
Confirm with . or Enter, or press ? or * to list all spells.
The komodo dragon bites you but does no damage.
You barely miss the komodo dragon.
Your wolf barely misses the komodo dragon.
The komodo dragon bites you.
You barely miss the komodo dragon.
Your wolf bites the komodo dragon.
The komodo dragon bites you!!
Your wolf barely misses the komodo dragon.
Your ice beast barely misses the komodo dragon.
The komodo dragon bites you!!
You puncture the komodo dragon!
The komodo dragon is poisoned.
The komodo dragon is moderately wounded.
Your wolf bites the komodo dragon.
Your wolf bites the komodo dragon but does no damage.
Your ice beast closely misses the komodo dragon.
The komodo dragon bites you!
* * * LOW HITPOINT WARNING * * *
Found a box of beasts.
Your wolf bites the komodo dragon but does no damage. x2
Your ice beast closely misses the komodo dragon.
The komodo dragon bites your ice beast!!
Your ice beast dies!
Your ice beast disappears in a puff of smoke!
Casting: Call Canine Familiar (safe; 1% risk of failure)
Confirm with . or Enter, or press ? or * to list all spells.
A chill wind blows around you.
Your wolf bites the komodo dragon but does no damage.
You swap places.
Your wolf completely misses the komodo dragon.
Your ice beast hits the komodo dragon but does no damage.
The komodo dragon attacks as you move away!
The komodo dragon bites you!!
You die...

#....<#
#.....##
##......#
#......##
#######.....#
}...........#
............##
.............#
........@...##
.......Yl...#
#####.......#
##.h....#
#.......#
#P......##
#P..^...#
##......#
#....>..


You could see a komodo dragon (very poisoned, ally target), a friendly ice beast
(summoned) and a friendly wolf (summoned).

Vanquished Creatures
  2 two-headed ogres
  A komodo dragon (D:11)
  A centaur simulacrum (D:10)
  2 wyverns
  A wraith (D:9)
  10 yaks
  2 steam dragons
  2 acid dragons (D:11)
  2 water moccasins
  An orc warrior (D:11)
  2 sky beasts
  Pargi (D:3)
  2 ice beasts
  3 black bears
  2 ogres (D:6)
  3 centaurs
  2 kobold brigands
  A necrophage (D:4)
  2 bullfrogs
  A gnoll sergeant (D:9)
  3 scorpions
  8 wights
  6 killer bees (D:8)
  An electric eel (D:10)
  A nameless horror (D:5)
  2 centaur zombies (Ossuary)
  4 howler monkeys
  A human zombie (Ossuary)
  3 jellies
  Jessica (D:2)
  7 iguanas
  9 orc wizards
  Natasha (thrice) (D:2)
  An ogre zombie (Ossuary)
  A mummy (D:5)
  3 gnolls (D:9)
  11 adders
  A white imp (D:5)
  An ufetubus (D:5)
  2 worms
  3 dart slugs
  25 orcs
  3 bats
  6 endoplasms
  2 giant cockroaches (D:1)
  8 goblins
  6 hobgoblins
  8 jackals
  5 quokkas
  9 ball pythons
  A goblin zombie (Ossuary)
  5 hobgoblin zombies
  8 kobolds
  An orc zombie (Ossuary)
  4 rats
206 creatures vanquished.

Vanquished Creatures (collateral kills)
  2 yaks
  Menkaure (D:4)
  2 orc warriors
  A centaur zombie (Ossuary)
  An orc priest (D:5)
  3 scorpion zombies (Ossuary)
  A gnoll (D:9)
  An adder zombie (Ossuary)
  2 orcs
  2 gnoll zombies (Ossuary)
  3 goblin zombies (Ossuary)
  2 hobgoblin zombies (Ossuary)
21 creatures vanquished.

Vanquished Creatures (others)
  An orc (D:5)
1 creature vanquished.

Grand Total: 228 creatures vanquished

Notes
Turn   | Place    | Note
-------+----------+-------------------------------------------
     0 | D:1      | Hubris850 the Draconian Ice Elementalist began the quest
                  | for the Orb.
     0 | D:1      | Reached XP level 1. HP: 14/14 MP: 3/3
   102 | D:1      | Reached XP level 2. HP: 10/20 MP: 3/5
   506 | D:1      | Reached XP level 3. HP: 26/26 MP: 7/7
   743 | D:2      | Noticed Natasha
   748 | D:2      | Killed Natasha
   778 | D:2      | Noticed Jessica
   786 | D:2      | Killed Jessica
   787 | D:2      | Reached skill level 5 in Ice Magic
   787 | D:2      | Reached XP level 4. HP: 27/33 MP: 8/8
   852 | D:2      | Noticed Natasha
   861 | D:2      | Killed Natasha
   926 | D:2      | Identified the +6 sling of Poamaf {freeze, Contam rF+++
                  | Int+3 Dex+2}
  1079 | D:2      | Noticed Natasha
  1084 | D:2      | Killed Natasha
  1085 | D:2      | Reached XP level 5. HP: 38/38 MP: 10/10
  1405 | D:3      | Learned a level 3 spell: Frozen Ramparts
  1409 | D:3      | Learned a level 3 spell: Ozocubu's Armour
  1414 | D:3      | Learned a level 4 spell: Summon Ice Beast
  1662 | D:3      | Found a shimmering blue altar of Sif Muna.
  1677 | D:3      | Became a worshipper of Sif Muna the Loreminder
  1746 | D:3      | Found a shadowy altar of Dithmenos.
  1812 | D:3      | Noticed Pargi
  1826 | D:3      | Killed Pargi
  1827 | D:3      | Reached skill level 1 in Summonings
  1827 | D:3      | Reached XP level 6. HP: 45/45 MP: 5/12
  2177 | D:4      | Found a staircase to the Ecumenical Temple.
  2254 | D:4      | Reached skill level 6 in Ice Magic
  2304 | D:4      | Noticed Menkaure
  2305 | D:4      | Noticed a nameless horror
  2602 | D:4      | Killed Menkaure
  2603 | D:4      | Your scales start taking on a pale cyan-grey colour.
  2603 | D:4      | Reached XP level 7. HP: 25/50 MP: 9/14
  2603 | D:4      | Gained mutation: You are immune to the effects of steam.
                  | [Pale Draconian growth]
  3052 | D:4      | Reached skill level 5 in Spellcasting
  3216 | D:4      | Reached * piety under Sif Muna
  3409 | D:5      | Entered Level 5 of the Dungeon
  3536 | D:5      | Reached skill level 7 in Ice Magic
  3559 | D:5      | Found a sand-covered staircase.
  3570 | Ossuary  | Entered an ossuary
  3644 | Ossuary  | Reached XP level 8. HP: 50/57 MP: 16/16
  3813 | Ossuary  | Reached ** piety under Sif Muna
  3890 | Ossuary  | Noticed a silent spectre
  4014 | D:5      | Found a radiant altar of Vehumet.
  4016 | D:5      | Found a hide-covered altar of Uskayaw.
  4017 | D:5      | Found a snail-covered altar of Cheibriados.
  4105 | D:5      | Reached skill level 5 in Summonings
  4447 | D:5      | Found an opulent altar of Gozag.
  4447 | D:5      | Found a glowing silver altar of Zin.
  4447 | D:5      | Found an iron altar of Okawaru.
  4629 | D:5      | Found a shimmering altar of Xom.
  5056 | D:6      | Reached skill level 8 in Ice Magic
  5176 | D:6      | Reached XP level 9. HP: 62/62 MP: 19/19
  5255 | D:6      | Found a bloodstained altar of Trog.
  5371 | D:6      | Found a hazy altar of Hepliaklqana.
  6014 | D:7      | Found Enowebeut's Antique Armour Shoppe.
  6189 | D:7      | Reached skill level 9 in Ice Magic
  7100 | D:8      | Reached *** piety under Sif Muna
  7404 | D:8      | Identified the +7 halberd of Ruinosont {venom, Will+ Int-2
                  | Dex+3}
  7428 | D:8      | Reached XP level 10. HP: 50/69 MP: 22/22
  7730 | D:9      | Found an ancient bone altar of Kikubaaqudgha.
  7988 | D:9      | Found a staircase to the Orcish Mines.
  8082 | D:9      | You fall into a shaft and drop 2 floors!
  8215 | D:11     | Found Kibimnis's Jewellery Shoppe.
  8331 | D:11     | Noticed Erolcha
  8634 | D:11     | Reached skill level 10 in Ice Magic
  8719 | D:10     | Entered Level 10 of the Dungeon
  8765 | D:11     | Noticed a two-headed ogre
  8777 | D:11     | Killed a two-headed ogre
  9066 | D:10     | Noticed a two-headed ogre
  9073 | D:10     | Killed a two-headed ogre
  9540 | D:9      | Reached XP level 11. HP: 74/74 MP: 15/24
  9976 | D:9      | Learned a level 3 spell: Call Canine Familiar
 10026 | D:10     | Reached skill level 1 in Invocations
 10026 | D:10     | Reached skill level 1 in Evocations
 10039 | D:10     | Found a staircase to the Lair.
 10049 | Lair:1   | Entered Level 1 of the Lair of Beasts
 10071 | Lair:1   | Demolished by a komodo dragon

Illustrated notes

Levels and vault maps discovered:
D:1:      minmay_arrival_open_corners, layout_loops_ring
D:2:      layout_rooms, glass_columns_a, bh_walls_and_bars, uniq_jessica,
          uniq_natasha
D:3:      layout_loops_ring, overflow_temple_1_default,
          nicolae_sif_muna_condensation, uniq_pargi
D:4:      minmay_chambers_of_twos, layout_basic, minmay_temple_entry_hall,
          uniq_menkaure
D:5:      layout_layer_cave, xom_teletrap_fun, grunt_temple_overflow_open,
          gammafunk_temple_overflow_forgotten, nicolae_ossuary_entry_giza,
          hangedman_abyss_or_decor_lesser_grid
D:6:      layout_rooms, trog_antimagical, kennysheep_little_box,
          kennysheep_generic_room_11
D:7:      layout_gridville, nicolae_stop_n_shop_1, amethyst_killhole,
          nrook_mini_backslash, kennysheep_generic_room_8
D:8:      layout_loops_ring
D:9:      layout_basic, mainiacjoe_overflow_boulevard, orc_0_dummy
D:10:     layout_roguey, lair_entry_dummy, serial_ice, serial_ice_m,
          serial_ice_k, serial_ice_b, serial_ice_g, serial_ice_c, serial_ice_d,
          uniq_amaemon
D:11:     layout_long_grid, serial_shops, shop, nicolae_shop_statue_plus,
          kennysheep_mini_moat, nicolae_shop_crystal, minmay_door_square,
          uniq_erolcha
Lair:1:   layout_chaotic_city, lemuel_old_faithful, lemuel_fruit_tree,
          uniq_maggie

Skill      XL: |  1  2  3  4  5  6  7  8  9 10 11 |
---------------+----------------------------------+-----
Spellcasting   | 3 4 5 6 8 9 |  9.6
Ice Magic      | 5 6 7 8 9 10 | 10.9
Summonings     | 1 2 4 5 7 9 |  9.3
Invocations    | 1 |  1.8
Evocations     | 1 |  1.8
Dodging        | |  1.8
Stealth        | |  1.8

Action                   |  1- 3 |  4- 6 |  7- 9 | 10-12 || total
-------------------------+-------+-------+-------+-------++-------
Melee: Spear             |    74 |   112 |   339 |   107 ||   632
       Tailslap          |     9 |    14 |    49 |    18 ||    90
       Punch             |     1 |     2 |     6 |     1 ||    10
       Short sword       |     4 |     4 |       |       ||     8
Throw: Dart              |       |       |       |     1 ||     1
 Cast: Freeze            |     1 |       |     3 |       ||     4
       Frozen Ramparts   |       |     1 |     6 |     9 ||    16
       Ozocubu's Armour  |       |     1 |     5 |     5 ||    11
       Summon Ice Beast  |       |     1 |     8 |     8 ||    17
       Call Canine Famil |       |       |       |     3 ||     3
 Abil: Breathe Steam     |       |       |    12 |     6 ||    18
Evoke: Wand              |       |       |     1 |       ||     1
  Use: Scroll            |       |     2 |    22 |     6 ||    30
 Stab: Sleeping          |     5 |     1 |     6 |     4 ||    16
       Distracted        |       |       |     1 |       ||     1
Armor: Skin              |     9 |    30 |   107 |    37 ||   183
Dodge: Dodged            |    34 |    51 |   304 |    68 ||   457

Table legend: (Time is in decaauts)
 A = Elapsed time spent in this place.
 B = Non-inter-level travel time spent in this place.
 C = Inter-level travel time spent in this place.
 D = Time resting spent in this place.
 E = Time spent auto-exploring this place.
 F = Levels seen in this place.
 G = Mean time per level.
                   A        B        C        D        E       F      G
               +--------+--------+--------+--------+--------+-----+--------+
         Total |  10140 |   9878 |    262 |   1860 |   5571 |  13 |  780.0 |
       Dungeon |   9755 |   9493 |    262 |   1775 |   5562 |  11 |  886.8 |
          Lair |     22 |     22 |      0 |      0 |      9 |   1 |   22.0 |
       Ossuary |    362 |    362 |      0 |     85 |      0 |   1 |  362.0 |
               +--------+--------+--------+--------+--------+-----+--------+

Top non-repeatable levels by time:
     D:4: 1336 daAuts
     D:7: 1190 daAuts
     D:8: 1076 daAuts
     D:5: 1001 daAuts
    D:11: 984 daAuts
     D:9: 912 daAuts
     D:3: 907 daAuts
     D:1: 699 daAuts
     D:6: 677 daAuts
     D:2: 492 daAuts
    D:10: 476 daAuts
 Ossuary: 362 daAuts
  Lair:1: 22 daAuts
